| TOP OF THE 1ST |
|
Corpus Christi Hooks batting - Pitching for Erie SeaWolves : RHP Jerome Stady
|
|
Pitching: RHP Jerome Stady
|
|
|
Batting: RHB Xavier Castaneda
|
0-0: Ball 1-0: Foul Ball, location: 2F 1-1: SINGLE (Groundball, P, EV 81.2 MPH) (infield hit)
|
|
Batting: LHB Glenn Lowther
|
0-0: Called Strike Xavier Castaneda steals 2nd base (no throw) 0-1: Foul Ball, location: 2F 0-2: Fly out, F4 (Flyball, 34D, EV 88.1 MPH)
|
|
Batting: LHB Bob Dietz
|
0-0: Ball 1-0: Ball 2-0: Ground out 6-3 (Groundball, 6M, EV 102.5 MPH) Xavier Castaneda to third
|
|
Batting: RHB Duncan Collins
|
0-0: Ball 1-0: Called Strike 1-1: Ground out 5-3 (Groundball, 56, EV 80.6 MPH)
|
| Top of the 1st over - 0 runs, 1 hit, 0 errors, 1 left on base; Corpus Christi 0 - Erie 0 |
| BOTTOM OF THE 1ST |
|
Erie SeaWolves batting - Pitching for Corpus Christi Hooks : RHP Jorge Aguilar
|
|
Pitching: RHP Jorge Aguilar
|
|
|
Batting: RHB Brandon O'Malley
|
0-0: Foul Ball, location: 2F 0-1: Bunt for hit to 3S - play at first, batter safe!
|
|
Batting: LHB Nick Nino
|
0-0: Called Strike 0-1: Grounds into double play, 4-6-3 (Groundball, 4, EV 86.9 MPH)
|
|
Batting: SHB Willie Medina
|
0-0: Ground out 4-3 (Groundball, 4M, EV 101.9 MPH)
|
| Bottom of the 1st over - 0 runs, 1 hit, 0 errors, 0 left on base; Corpus Christi 0 - Erie 0 |
| TOP OF THE 2ND |
|
Corpus Christi Hooks batting - Pitching for Erie SeaWolves : RHP Jerome Stady
|
|
Batting: RHB Edgar Trejo
|
0-0: Called Strike 0-1: Called Strike 0-2: Strikes out swinging
|
|
Batting: RHB Pat McCoy
|
0-0: Foul Ball, location: 2F 0-1: Ground out 5-3 (Groundball, 56, EV 98.1 MPH)
|
|
Batting: RHB Alex Campos
|
0-0: Ball 1-0: Ball 2-0: Ball 3-0: Called Strike 3-1: Foul Ball, location: 2F 3-2: Strikes out looking
|
| Top of the 2nd over - 0 runs, 0 hits, 0 errors, 0 left on base; Corpus Christi 0 - Erie 0 |
| BOTTOM OF THE 2ND |
|
Erie SeaWolves batting - Pitching for Corpus Christi Hooks : RHP Jorge Aguilar
|
|
Batting: RHB Benny O'Connor
|
0-0: Called Strike 0-1: Ball 1-1: Called Strike 1-2: Ball 2-2: SINGLE (Groundball, 6D, EV 94.4 MPH)
|
|
Batting: RHB Joel Miller
|
0-0: Ball 1-0: Swinging Strike 1-1: Ball 2-1: Ball 3-1: Base on Balls Benny O'Connor to second
|
|
Batting: LHB Jon Frederick
|
0-0: Ground out 5-3 (Groundball, 6, EV 85.0 MPH) Benny O'Connor to third Joel Miller to second
|
|
Batting: LHB Afanasy Zasekin
|
0-0: Ball 1-0: Foul Ball, location: 2F 1-1: Called Strike 1-2: Foul Ball, location: 2F 1-2: Ground out 4-3 (Groundball, 4, EV 95.6 MPH) Benny O'Connor scores Joel Miller to third
|
|
Batting: SHB Chris Wagler
|
0-0: Ball 1-0: Ball 2-0: Ground out 6-3 (Groundball, 4MD, EV 100.6 MPH)
|
| Bottom of the 2nd over - 1 run, 1 hit, 0 errors, 1 left on base; Corpus Christi 0 - Erie 1 |
| TOP OF THE 3RD |
|
Corpus Christi Hooks batting - Pitching for Erie SeaWolves : RHP Jerome Stady
|
|
Batting: RHB Kieron Clark
|
0-0: Fly out, F9 (Flyball, 9, EV 96.2 MPH)
|
|
Batting: RHB Oren Jones
|
0-0: Called Strike 0-1: Foul Ball, location: 2F 0-2: Ball 1-2: Ball 2-2: Strikes out swinging
|
|
Batting: RHB Xavier Castaneda
|
0-0: Ball 1-0: Foul Ball, location: 2F 1-1: Fly out, F7 (Flyball, 7, EV 96.9 MPH)
|
| Top of the 3rd over - 0 runs, 0 hits, 0 errors, 0 left on base; Corpus Christi 0 - Erie 1 |
| BOTTOM OF THE 3RD |
|
Erie SeaWolves batting - Pitching for Corpus Christi Hooks : RHP Jorge Aguilar
|
|
Batting: RHB Jamie Villagrana
|
0-0: Ball 1-0: Ground out 5-3 (Groundball, 56S, EV 63.8 MPH)
|
|
Batting: RHB Brandon O'Malley
|
0-0: Ball 1-0: Called Strike 1-1: SINGLE (Line Drive, 6MD, EV 106.9 MPH)
|
|
Batting: LHB Nick Nino
|
0-0: Swinging Strike 0-1: Ball 1-1: Fielders Choice at 2nd, 4-6 (Groundball, 4D, EV 101.2 MPH)
|
|
Batting: SHB Willie Medina
|
0-0: Ball 1-0: Swinging Strike 1-1: Ball 2-1: Ball 3-1: Called Strike 3-2: Strikes out swinging
|
| Bottom of the 3rd over - 0 runs, 1 hit, 0 errors, 1 left on base; Corpus Christi 0 - Erie 1 |
| TOP OF THE 4TH |
|
Corpus Christi Hooks batting - Pitching for Erie SeaWolves : RHP Jerome Stady
|
|
Batting: LHB Glenn Lowther
|
0-0: Ball 1-0: Called Strike 1-1: Ball 2-1: Ball 3-1: Fly out, F9 (Line Drive, 9LM, EV 86.9 MPH)
|
|
Batting: LHB Bob Dietz
|
0-0: Ball 1-0: Swinging Strike 1-1: Swinging Strike 1-2: Ball 2-2: Foul Ball, location: 2F 2-2: Strikes out swinging, 2-3 out at first.
|
|
Batting: RHB Duncan Collins
|
0-0: Called Strike 0-1: Called Strike 0-2: Fly out, F7 (Flyball, 7, EV 83.8 MPH)
|
| Top of the 4th over - 0 runs, 0 hits, 0 errors, 0 left on base; Corpus Christi 0 - Erie 1 |
| BOTTOM OF THE 4TH |
|
Erie SeaWolves batting - Pitching for Corpus Christi Hooks : RHP Jorge Aguilar
|
|
Batting: RHB Benny O'Connor
|
0-0: Swinging Strike 0-1: Ball 1-1: Ball 2-1: Ground out 6-3 (Groundball, 6, EV 105.0 MPH)
|
|
Batting: RHB Joel Miller
|
0-0: Ball 1-0: Called Strike 1-1: Ball 2-1: Ball 3-1: Ground out U3 (Groundball, 34, EV 85.6 MPH)
|
|
Batting: LHB Jon Frederick
|
0-0: Called Strike 0-1: Foul Ball, location: 2F 0-2: Ball 1-2: Foul Ball, location: 2F 1-2: Ground out 5-3 (Groundball, 6, EV 100.0 MPH)
|
| Bottom of the 4th over - 0 runs, 0 hits, 0 errors, 0 left on base; Corpus Christi 0 - Erie 1 |
| TOP OF THE 5TH |
|
Corpus Christi Hooks batting - Pitching for Erie SeaWolves : RHP Jerome Stady
|
|
Batting: RHB Edgar Trejo
|
0-0: Ground out 3-1 (Groundball, 34S, EV 83.8 MPH)
|
|
Batting: RHB Pat McCoy
|
0-0: Called Strike 0-1: Ground out U3 (Groundball, 3S, EV 94.4 MPH)
|
|
Batting: RHB Alex Campos
|
0-0: Foul Ball, location: 2F 0-1: Called Strike 0-2: Foul Ball, location: 2F 0-2: Strikes out swinging
|
| Top of the 5th over - 0 runs, 0 hits, 0 errors, 0 left on base; Corpus Christi 0 - Erie 1 |
| BOTTOM OF THE 5TH |
|
Erie SeaWolves batting - Pitching for Corpus Christi Hooks : RHP Jorge Aguilar
|
|
Batting: LHB Afanasy Zasekin
|
0-0: Called Strike 0-1: Ball 1-1: Foul Ball, location: 2F 1-2: Ball 2-2: Strikes out swinging
|
|
Batting: SHB Chris Wagler
|
0-0: Swinging Strike 0-1: Ball 1-1: Foul Ball, location: 2F 1-2: Fly out, F4 (Line Drive, 4, EV 66.2 MPH)
|
|
Batting: RHB Jamie Villagrana
|
0-0: Ball 1-0: Called Strike 1-1: Ground out 5-3 (Groundball, 56, EV 109.4 MPH)
|
| Bottom of the 5th over - 0 runs, 0 hits, 0 errors, 0 left on base; Corpus Christi 0 - Erie 1 |
| TOP OF THE 6TH |
|
Corpus Christi Hooks batting - Pitching for Erie SeaWolves : RHP Jerome Stady
|
|
Batting: RHB Kieron Clark
|
0-0: Ball 1-0: Ball 2-0: Called Strike 2-1: TRIPLE (Groundball, 5L, EV 111.2 MPH)
|
|
Batting: RHB Oren Jones
|
0-0: Ground out 5-3 (Groundball, 5S, EV 81.9 MPH)
|
|
Batting: RHB Xavier Castaneda
|
0-0: Ground out 6-3 (Groundball, 6, EV 81.9 MPH)
|
|
Batting: LHB Glenn Lowther
|
0-0: Called Strike 0-1: Swinging Strike 0-2: Ball 1-2: SINGLE (Line Drive, 9S, EV 105.0 MPH) Kieron Clark scores
|
|
Batting: LHB Bob Dietz
|
0-0: Ball Glenn Lowther steals 2nd base 1-0: Called Strike 1-1: Foul Ball, location: 2F 1-2: Strikes out looking
|
| Top of the 6th over - 1 run, 2 hits, 0 errors, 1 left on base; Corpus Christi 1 - Erie 1 |
| BOTTOM OF THE 6TH |
|
Erie SeaWolves batting - Pitching for Corpus Christi Hooks : RHP Jorge Aguilar
|
|
Batting: RHB Brandon O'Malley
|
0-0: Called Strike 0-1: Ground out U3 (Groundball, 3L, EV 108.1 MPH)
|
|
Batting: LHB Nick Nino
|
0-0: Called Strike 0-1: Ground out 5-3 (Groundball, 6S, EV 85.6 MPH)
|
|
Batting: SHB Willie Medina
|
0-0: Swinging Strike 0-1: Ball 1-1: Ball 2-1: Ball 3-1: SOLO HOME RUN (Flyball, 89XD, EV 100.6 MPH), Distance : 428 ft
|
|
Batting: RHB Benny O'Connor
|
0-0: Ball 1-0: SOLO HOME RUN (Flyball, 7LD, EV 97.5 MPH), Distance : 368 ft
|
|
Batting: RHB Joel Miller
|
0-0: Called Strike 0-1: Foul Ball, location: 2F 0-2: SINGLE (Groundball, 56, EV 98.1 MPH)
|
|
Batting: LHB Jon Frederick
|
0-0: Swinging Strike 0-1: Ball 1-1: Ball 2-1: Swinging Strike 2-2: Foul Ball, location: 2F 2-2: Strikes out looking
|
| Bottom of the 6th over - 2 runs, 3 hits, 0 errors, 1 left on base; Corpus Christi 1 - Erie 3 |
| TOP OF THE 7TH |
|
Corpus Christi Hooks batting - Pitching for Erie SeaWolves : RHP Jerome Stady
|
|
Batting: RHB Duncan Collins
|
0-0: DOUBLE (Groundball, 5L, EV 105.0 MPH)
|
|
Batting: RHB Edgar Trejo
|
0-0: Ball 1-0: Ball 2-0: Foul Ball, location: 2F 2-1: Ground out U3 (Groundball, 34, EV 97.5 MPH) Duncan Collins to third
|
|
Batting: RHB Pat McCoy
|
0-0: Called Strike 0-1: Ball 1-1: Foul Ball, location: 2F 1-2: Ball 2-2: Foul Ball, location: 2F 2-2: Foul Ball, location: 2F 2-2: Ball 3-2: DOUBLE (Line Drive, 9LD, EV 108.1 MPH) Duncan Collins scores
|
|
Batting: RHB Alex Campos
|
0-0: DOUBLE (Line Drive, 5D, EV 103.8 MPH) Pat McCoy scores
|
|
Batting: RHB Kieron Clark
|
0-0: Swinging Strike 0-1: Swinging Strike 0-2: Strikes out swinging
|
|
Pinch Hitting: RHB Sean Mounts
|
0-0: Ball 1-0: Ball 2-0: SINGLE (Groundball, 4MD, EV 107.5 MPH) Alex Campos to third Runner from 3rd tries for Home, SAFE, throw by CF to home
|
|
Batting: RHB Xavier Castaneda
|
0-0: Called Strike 0-1: Ball Sean Mounts steals 2nd base 1-1: Called Strike 1-2: Strikes out swinging
|
| Top of the 7th over - 3 runs, 4 hits, 0 errors, 1 left on base; Corpus Christi 4 - Erie 3 |
| BOTTOM OF THE 7TH |
|
Erie SeaWolves batting - Pitching for Corpus Christi Hooks : RHP Jorge Aguilar
|
|
Now at 1B: Sean Mounts
|
|
|
Now at 2B: Bob Dietz
|
|
|
Now at SS: Edgar Trejo
|
|
|
Batting: LHB Afanasy Zasekin
|
0-0: Fly out, F9 (Line Drive, 9LM, EV 96.2 MPH)
|
|
Batting: SHB Chris Wagler
|
0-0: Foul Ball, location: 2F 0-1: Foul Ball, location: 2F 0-2: Foul Ball, location: 2F 0-2: Foul Ball, location: 2F 0-2: Foul Ball, location: 2F 0-2: Foul Ball, location: 2F 0-2: Ball 1-2: Foul Ball, location: 2F 1-2: Ground out 4-3 (Groundball, 4M, EV 85.6 MPH)
|
|
Batting: RHB Jamie Villagrana
|
0-0: Ball 1-0: Called Strike 1-1: Foul Ball, location: 2F 1-2: DOUBLE (Line Drive, 89D, EV 100.6 MPH)
|
|
Batting: RHB Brandon O'Malley
|
0-0: Called Strike 0-1: SINGLE (Groundball, 56D, EV 94.4 MPH) Jamie Villagrana to third Runner from 3rd tries for Home, SAFE, throw by LF to home
|
|
Batting: LHB Nick Nino
|
0-0: Ball Brandon O'Malley steals 2nd base 1-0: Fly out, F8 (Flyball, 8RD, EV 105.0 MPH)
|
| Bottom of the 7th over - 1 run, 2 hits, 0 errors, 1 left on base; Corpus Christi 4 - Erie 4 |
| TOP OF THE 8TH |
|
Corpus Christi Hooks batting - Pitching for Erie SeaWolves : RHP Jerome Stady
|
|
Batting: LHB Glenn Lowther
|
0-0: Foul Ball, location: 2F 0-1: Called Strike 0-2: Foul Ball, location: 2F 0-2: Ground out 4-3 (Groundball, 4S, EV 89.4 MPH)
|
|
Batting: LHB Bob Dietz
|
0-0: Ball 1-0: Foul Ball, location: 2F 1-1: Called Strike 1-2: Fly out, F5 (Popup, 56S, EV 86.2 MPH)
|
|
Batting: RHB Duncan Collins
|
0-0: Ball 1-0: Swinging Strike 1-1: Ball 2-1: Fly out, F9 (Flyball, 89D, EV 88.1 MPH)
|
| Top of the 8th over - 0 runs, 0 hits, 0 errors, 0 left on base; Corpus Christi 4 - Erie 4 |
| BOTTOM OF THE 8TH |
|
Erie SeaWolves batting - Pitching for Corpus Christi Hooks : RHP Jorge Aguilar
|
|
Pitching: RHP Willie Jimenez
|
|
|
Batting: SHB Willie Medina
|
0-0: Ball 1-0: Called Strike 1-1: Foul Ball, location: 2F 1-2: Strikes out swinging
|
|
Batting: RHB Benny O'Connor
|
0-0: Ball 1-0: Called Strike 1-1: Ball 2-1: Ball 3-1: Foul Ball, location: 2F 3-2: Foul Ball, location: 2F 3-2: Strikes out swinging
|
|
Batting: RHB Joel Miller
|
0-0: Foul Ball, location: 2F 0-1: Called Strike 0-2: Strikes out swinging
|
| Bottom of the 8th over - 0 runs, 0 hits, 0 errors, 0 left on base; Corpus Christi 4 - Erie 4 |
| TOP OF THE 9TH |
|
Corpus Christi Hooks batting - Pitching for Erie SeaWolves : RHP Jerome Stady
|
|
Batting: RHB Edgar Trejo
|
0-0: Ball 1-0: Ball 2-0: Ball 3-0: Called Strike 3-1: SINGLE (Groundball, 56D, EV 97.5 MPH)
|
|
Pitching: RHP Kyle Moore
|
|
|
Batting: RHB Pat McCoy
|
0-0: Fly out, F8 (Flyball, 8RD, EV 89.4 MPH)
|
|
Batting: RHB Alex Campos
|
0-0: Called Strike 0-1: Called Strike 0-2: Ball Edgar Trejo is caught stealing 2nd base 2-4 1-2: Strikes out swinging
|
| Top of the 9th over - 0 runs, 1 hit, 0 errors, 0 left on base; Corpus Christi 4 - Erie 4 |
| BOTTOM OF THE 9TH |
|
Erie SeaWolves batting - Pitching for Corpus Christi Hooks : RHP Willie Jimenez
|
|
Batting: LHB Jon Frederick
|
0-0: Called Strike 0-1: Ground out U3 (Groundball, 34, EV 106.9 MPH)
|
|
Batting: LHB Afanasy Zasekin
|
0-0: Called Strike 0-1: Foul Ball, location: 2F 0-2: Ball 1-2: Foul Ball, location: 2F 1-2: Ball 2-2: Ball 3-2: SINGLE (Line Drive, 4M, EV 95.6 MPH)
|
|
Batting: SHB Chris Wagler
|
0-0: Ball 1-0: SINGLE (Groundball, 4MD, EV 102.5 MPH) Afanasy Zasekin to second Runner from 2nd tries for 3rd, SAFE, throw by CF made to third
|
|
Pinch Hitting: LHB Jamie Christian
|
0-0: Called Strike 0-1: Swinging Strike 0-2: 3-RUN HOME RUN (Flyball, 8LXD, EV 115.6 MPH), Distance : 463 ft
|
| Bottom of the 9th over - 3 runs, 3 hits, 0 errors, 0 left on base; Corpus Christi 4 - Erie 7 |
|